 Dungeon Crawl Stone Soup version 0.28-a0-1038-g9c4cb8273d (webtiles) character file.

Game seed: 10172137033155043284

0 random13 the Caller (level 1, 0/7 HPs)
             Began as a Felid Summoner on Dec 9, 2021.
             Frozen to death by an endoplasm (3 damage)
             ... on level 1 of the Dungeon.
             The game lasted 00:00:24 (359 turns).

random13 the Caller (Felid Summoner)                 Turns: 359, Time: 00:00:24

Health: 0/7        AC:  1    Str:  4    XL:     1   Next: 8%
Magic:  4/4        EV: 14    Int: 16    God:
Gold:   0          SH:  0    Dex: 16    Spells: 3/4 levels left
                                        Lives:  0   Deaths: 0

rFire   . . .      SeeInvis +   (weapon unavailable)
rCold   . . .      Faith    .   (shield unavailable)
rNeg    . . .      Spirit   .   (armour unavailable)
rPois   .          Reflect  .   (helmet unavailable)
rElec   .          Harm     .   (cloak unavailable)
rCorr   .          Rampage  .   (gloves unavailable)
Will    .....                   (boots unavailable)
Stlth   ++........              (no amulet)
HPRegen 0.02/turn               (no ring)
MPRegen 0.09/turn               (no ring)

@: constricted, quick
A: very small, claws 1, fangs 3, see invisible, speed 1, shaggy fur 1, stealthy
paws, no weapons or thrown items, no armour, multi-lived
a: no special abilities


You were on level 1 of the Dungeon.
You visited 1 branch of the dungeon, and saw 1 of its levels.

You aren't carrying anything.


   Skills:
 - Level 2.6 Dodging
 - Level 2.6 Stealth
 * Level 0.2 Unarmed Combat
 - Level 2.0 Spellcasting
 - Level 4.0 Summonings


You had 3 spell levels left.
You knew the following spells:

 Your Spells              Type           Power      Damage    Failure   Level
a - Summon Small Mammal   Summ           56%        N/A       4%          1

Your spell library contained the following spells:

 Spells                   Type           Power      Damage    Failure   Level
 Call Imp                 Summ           14%        N/A       6%          2
 Call Canine Familiar     Summ           14%        N/A       12%         3
 Summon Guardian Golem    Hex/Summ       8%         N/A       26%         3
 Summon Lightning Spire   Summ/Air       8%         N/A       65%         4


Dungeon Overview and Level Annotations

Branches:
Dungeon (1/15)

Altars:


Innate Abilities, Weirdness & Mutations

You have sharp claws.
You have razor-sharp teeth.
You have supernaturally acute eyesight. (SInv)
You cover ground quickly. (Speed+)
You are covered in fur. (AC +1)
Your paws help you pounce on unaware monsters.
You are incapable of wielding weapons or throwing items.
You cannot wear armour.
You gain extra lives every three experience levels.


Message History

You miss the kobold.
The kobold is severely wounded.
The kobold completely misses you.
You scratch the kobold but do no damage.
The kobold is severely wounded.
The kobold hits you with a +0 whip.
* * * LOW HITPOINT WARNING * * *
You are too injured to fight recklessly!
You are too injured to fight recklessly!
You scratch the kobold but do no damage.
The kobold is severely wounded.
The kobold misses you.
You scratch the kobold but do no damage.
Your bite misses the kobold.
The kobold is severely wounded.
The kobold misses you.
You closely miss the kobold.
The kobold is severely wounded.
The kobold closely misses you.
You scratch the kobold.
You kill the kobold!
Things that are here:
a +0 whip; a kobold corpse
Things that are here:
a +0 whip; a kobold corpse You start resting.
HP restored.
You start waiting.
Done waiting.
A ball python and an endoplasm come into view.
Found a scroll labelled PEANENNANA.
The ball python hisses angrily.
The endoplasm quivers.
The ball python misses you. The ball python grabs you.
The ball python constricts you.
You scratch the ball python but do no damage.
The ball python bites you. The ball python constricts you.
The endoplasm freezes you.
You are frozen.
You die...

########
########......#
≈≈≈≈≈≈≈######.####
≈≈≈≈≈≈≈≈##.......#
#≈≈○≈#≈°#..##)##.#
≈≈≈≈≈≈≈≈#####.##@#
≈≈≈≈≈≈○#.....#.SJ#
#########.#####...#
..<....'..# .....
########### .......
○≈≈≈≈○≈# #....?...
≈≈≈≈≈≈≈≈#
..#...##.#
#≈○≈≈#≈≈# ...#...#
.# ≈≈≈≈≈≈≈≈#


You could see an endoplasm and a ball python.

Vanquished Creatures
  A kobold (D:1)
1 creature vanquished.

Notes
Turn   | Place    | Note
-------+----------+-------------------------------------------
     0 | D:1      | random13 the Felid Summoner began the quest for the Orb.
     0 | D:1      | Reached XP level 1. HP: 7/7 MP: 4/4
   359 | D:1      | Frozen to death by an endoplasm

Illustrated notes

Levels and vault maps discovered:
D:1:      saegor_arrival_miasma, layout_loops_cross

Action                   || total
-------------------------++-------
Melee: Unarmed           ||    10
       Bite              ||     1
 Stab: Sleeping          ||     1
Dodge: Dodged            ||     7

Table legend: (Time is in decaauts)
 A = Elapsed time spent in this place.
 B = Non-inter-level travel time spent in this place.
 C = Inter-level travel time spent in this place.
 D = Time resting spent in this place.
 E = Time spent auto-exploring this place.
 F = Levels seen in this place.
 G = Mean time per level.
                   A        B        C        D        E       F      G
               +--------+--------+--------+--------+--------+-----+--------+
         Total |    354 |    354 |      0 |    328 |      2 |   1 |  354.0 |
       Dungeon |    354 |    354 |      0 |    328 |      2 |   1 |  354.0 |
               +--------+--------+--------+--------+--------+-----+--------+

Top non-repeatable levels by time:
     D:1: 354 daAuts
